 Dungeon Crawl Stone Soup version 0.21.1-1-g345015f (webtiles) character file.

121 GrunderHorse the Covered (level 5, 0/33 HPs)
             Began as a Tengu Fighter on Mar 16, 2018.
             Slain by a phantom (3 damage)
             ... on level 3 of the Dungeon.
             The game lasted 00:02:27 (1860 turns).

GrunderHorse the Covered (Tengu Fighter)            Turns: 1860, Time: 00:02:27

Health: 0/33       AC:  7    Str: 14 (16) XL:     5   Next: 5%
Magic:  6/6        EV:  8    Int:  7 (8)  God:
Gold:   158        SH:  9    Dex: 14 (15) Spells: 4/4 levels left

rFire    . . .     SeeInvis .   p - +0 falchion
rCold    . . .     Gourm    .   c - +0 shield
rNeg     . . .     Faith    .   b - +0 scale mail
rPois    .         Spirit   .   (helmet restricted)
rElec    .         Reflect  .   (no cloak)
rCorr    .         Harm     .   (no gloves)
MR       +....                  (boots unavailable)
Stlth    ..........             (no amulet)
HPRegen  0.11/turn              (no ring)
MPRegen  0.10/turn              (no ring)

@: flying quickly and evasively, quick
A: beak, horns 1, talons 3, magic resistance 1, able to fly 1
a: no special abilities


You were on level 3 of the Dungeon.
You were not hungry.

You visited 1 branch of the dungeon, and saw 3 of its levels.

You collected 158 gold pieces.

Inventory:

Hand Weapons
 a - a +0 long sword
 p - a +0 falchion (weapon)
Armour
 b - a +0 scale mail (worn)
 c - a +0 shield (worn)
Jewellery
 n - a cursed amulet of inaccuracy {unknown}
Scrolls
 h - a scroll of fear {unknown}
 i - 5 scrolls of teleportation {unknown}
 j - 3 scrolls of identify {unknown}
 l - a scroll of enchant armour {unknown}
 m - 2 scrolls of remove curse {unknown}
 o - a scroll of enchant weapon {unknown}
Potions
 e - a potion of flight
Comestibles
 d - 9 chunks of flesh
 f - 2 rations


   Skills:
 + Level 3.7 Fighting
 + Level 3.3 Long Blades
 + Level 4.1 Armour
 + Level 3.8 Shields


You had 4 spell levels left.
You didn't know any spells.

Dungeon Overview and Level Annotations

Branches:
Dungeon (3/15)

Altars:


Innate Abilities, Weirdness & Mutations

You have a beak for a mouth.
You have claws for feet.
You can fly.
You have a pair of small horns on your head.
You are resistant to hostile enchantments. (MR+)


Message History

You are too injured to fight recklessly!
You are too injured to fight recklessly!
You are too injured to fight recklessly!
You are too injured to fight recklessly!
Unknown command.
It was a potion of flight.
You feel very buoyant.
You swoop lightly up into the air.
You block the phantom's attack.
It was a potion of magic.
Magic courses through your body. You block the phantom's attack.
It was a potion of mutation.
You feel extremely strange.
You feel resistant to hostile enchantments.
A pair of horns grows on your head! The phantom hits you!
* * * LOW HITPOINT WARNING * * *
It was a potion of degeneration.
There was something very wrong with that liquid.
You feel weakened.
You feel dopey.
You feel clumsy. The phantom hits you.
You die...

##..##.....#..#..###
#..... ..
#.....#..#....#
.#####
.#.....#..#..#.##.. .
.....................
#.#.....#.....#.###
..................'.
##.#.#...#.....#.#.#.
.................
.#.#...#.@.......#
..........W#'#.#.#
.......##......# #
...... #......# #....
.......# #.##
#......# #......#
#......#


You could see a phantom.

Vanquished Creatures
  An orc wizard (D:3)
  An orc priest (D:3)
  5 worms
  4 leopard geckos
  4 orcs (D:3)
  A giant cockroach (D:2)
  4 goblins
  A hobgoblin (D:2)
  2 quokkas
  A ball python (D:1)
  6 bats
  2 frilled lizards
  5 kobolds
  7 rats
44 creatures vanquished.

Notes
Turn   | Place    | Note
-------+----------+-------------------------------------------
     0 | D:1      | GrunderHorse the Tengu Fighter began the quest for the Orb.
     0 | D:1      | Reached XP level 1. HP: 14/14 MP: 2/2
   145 | D:1      | Reached XP level 2. HP: 16/19 MP: 3/3
   870 | D:2      | Reached XP level 3. HP: 23/23 MP: 4/4
  1648 | D:3      | Reached XP level 4. HP: 28/28 MP: 5/5
  1652 | D:3      | Reached skill level 4 in Armour
  1803 | D:3      | Gained mutation: You can fly. [Tengu growth]
  1803 | D:3      | Reached XP level 5. HP: 33/33 MP: 6/6
  1831 | D:3      | Noticed a phantom
  1859 | D:3      | Gained mutation: You are resistant to hostile enchantments. (MR+) [potion of mutation]
  1859 | D:3      | Gained mutation: You have a pair of small horns on your head. [potion of mutation]
  1860 | D:3      | Slain by a phantom

Skill      XL: |  1  2  3  4 |
---------------+-------------+-----
Long Blades    | 3 |  3.3
Armour         | 4 |  4.1
Fighting       | |  3.7
Shields        | |  3.8

Action                   |  1- 3 |  4- 6 || total
-------------------------+-------+-------++-------
Melee: Long sword        |    68 |       ||    68
       Kick              |    20 |    11 ||    31
       Peck              |    12 |     5 ||    17
       Falchion          |     1 |    30 ||    31
  Use: Potion            |     1 |     4 ||     5
  Eat: Ration            |     1 |       ||     1
Armor: Scale mail        |    29 |    14 ||    43
Dodge: Dodged            |    21 |     8 ||    29
Block: Shield            |    24 |    17 ||    41
       Rpst.: Long sword |     3 |       ||     3
       Falchion          |     2 |     3 ||     5
